 Dungeon Crawl Stone Soup version 0.29-a0-821-g66395355a5 (webtiles) character file.

Game seed: 4392384076649992593

74 Pooter the Chopper (level 4, 0/41 HPs)
             Began as a Minotaur Berserker on July 7, 2022.
             Was a Believer of Trog.
             Killed by an exploding hobgoblin (41 damage)
             ... ignited by their inner flame
             ... on level 3 of the Dungeon.
             The game lasted 00:05:31 (1766 turns).

Pooter the Chopper (Minotaur Berserker)             Turns: 1766, Time: 00:05:32

Health: 0/41       AC:  8    Str: 23    XL:     4   Next: 9%
Magic:  3/3        EV:  8    Int:  4    God:    Trog [**....]
Gold:   98         SH:  0    Dex: 10    Spells: 3/3 levels left

rFire   . . .      SeeInvis .   b - +1 sling (flame)
rCold   . . .      Faith    .   (no shield)
rNeg    . . .      Spirit   .   g - +0 chain mail
rPois   .          Reflect  .   (helmet restricted)
rElec   .          Harm     .   (no cloak)
rCorr   .          Rampage  .   (no gloves)
Will    .....                   (no boots)
Stlth   ..........              (no amulet)
HPRegen 0.13/turn               (no ring)
MPRegen 0.08/turn               (no ring)

@: no status effects
A: horns 2, retaliatory headbutt
a: Renounce Religion, Berserk, Trog's Hand


You were on level 3 of the Dungeon.
You worshipped Trog.
Trog was pleased with you.
You visited 1 branch of the dungeon, and saw 3 of its levels.

You collected 98 gold pieces.

Inventory:

Hand Weapons
 a - a +2 hand axe of electrocution
   (You found it on level 2 of the Dungeon)
 b - a +1 sling of flaming (weapon)
   (You found it on level 2 of the Dungeon)
Missiles
 i - 4 javelins
 Q - 20 stones
Armour
 g - a +0 chain mail (worn)
   (You found it on level 2 of the Dungeon)
Scrolls
 k - a scroll of blinking {unknown}
Potions
 c - a potion of lignification {unknown}
 d - a potion of might {unknown}
 f - a potion of attraction {unknown}
 h - a potion of curing {unknown}
 j - a potion of haste {unknown}


   Skills:
 + Level 4.5 Fighting
 * Level 5.3 Axes
 * Level 0.0 Ranged Weapons
 - Level 2.4 Armour
 - Level 2.1 Dodging


You had 3 spell levels left.
You didn't know any spells.
Your spell library was empty.

Dungeon Overview and Level Annotations

Branches:
Dungeon (3/15)

Altars:

Shops:
D:1 [   D:2 :


Innate Abilities, Weirdness & Mutations

You have a pair of horns on your head.
You reflexively headbutt those who attack you in melee.


Message History

You now have 58 gold pieces (gained 13).
There is a stone staircase leading down here.
There is an open door here.
Found 5 stones.
Q - 20 stones (gained 5)
There is an open door here.
There is an open door here.
You open the door.
There is an open door here.
Found 16 gold pieces.
You now have 74 gold pieces (gained 16).
A bat comes into view.
You shoot a sling bullet.
The sling bullet closely misses the bat.
The bat hits you but does no damage.
You shoot a sling bullet.
The sling bullet closely misses the bat.
The bat closely misses you. The bat hits you but does no damage.
You shoot a sling bullet.
The sling bullet completely misses the bat.
The bat barely misses you. You furiously retaliate!
You headbutt the bat, but do no damage. You shoot a sling bullet.
The sling bullet hits the bat.
The sling bullet burns the bat.
You kill the bat!
Trog accepts your kill.
Found a dagger.
There is a stone staircase leading down here.
Done exploring.
There is a stone staircase leading down here.
You climb downwards.
Found 12 gold pieces.
There is a stone staircase leading up here.
You now have 86 gold pieces (gained 12).
Found 12 gold pieces.
You now have 98 gold pieces (gained 12).
A hobgoblin, an orc priest and 3 orcs come into view.
An orc is wielding a +2 flail of holy wrath.
The hobgoblin shouts!
The orc shouts!
The orc priest shouts!
The orc shouts! x2
Really read
e - a scroll of immolation {!r}?
Really read the scroll of immolation?
As you read the scroll of immolation {!r}, it crumbles to dust.
The creatures around you are filled with an inner flame!
You shoot a sling bullet. The sling bullet hits the hobgoblin.
The sling bullet burns the hobgoblin.
Trog accepts your kill.
The hobgoblin explodes!
The fiery explosion engulfs you!!!
Ouch! That really hurt!
You die... ######### oooo.ยงยงยง#

#@#
#.#
#.#
#.#
#.#
#.#
#.#
#.#
#.#


You could see an orc priest (inner flame) and 3 orcs.

Vanquished Creatures
  4 adders (D:2)
  2 dart slugs
  5 bats
  6 endoplasms
  2 giant cockroaches
  2 goblins
  3 hobgoblins
  A quokka (D:1)
  3 ball pythons
  A frilled lizard (D:1)
  A kobold (D:1)
  5 rats
35 creatures vanquished.

Notes
Turn   | Place    | Note
-------+----------+-------------------------------------------
     0 | D:1      | Pooter the Minotaur Berserker began the quest for the Orb.
     0 | D:1      | Reached XP level 1. HP: 19/19 MP: 0/0
   106 | D:1      | Reached skill level 4 in Axes
   232 | D:1      | Found Borchucash's Armour Shop.
   237 | D:1      | Reached XP level 2. HP: 27/27 MP: 1/1
  1008 | D:2      | Found Bablefry's Book Emporium.
  1046 | D:2      | Reached XP level 3. HP: 33/33 MP: 2/2
  1200 | D:2      | Reached skill level 5 in Axes
  1277 | D:2      | Reached ** piety under Trog
  1280 | D:2      | Reached XP level 4. HP: 40/41 MP: 3/3
  1766 | D:3      | Killed by an exploding hobgoblin... ignited by their inner
                  | flame

Illustrated notes

Levels and vault maps discovered:
D:1:      ncdulo_wetmaze, layout_loops_ring, serial_shops,
          nicolae_shop_hallway_plus
D:2:      layout_basic, serial_shops, nicolae_shop_hallway_stairs
D:3:      layout_basic

Skill      XL: |  1  2  3 |
---------------+----------+-----
Axes           | 4 5 |  5.3
Fighting       | 4 |  4.5
Armour         | |  2.4
Dodging        | |  2.1

Action                   |  1- 3 |  4- 6 || total
-------------------------+-------+-------++-------
Melee: Hand axe          |    63 |     3 ||    66
       Headbutt          |     4 |       ||     4
 Fire: Sling             |       |     5 ||     5
  Use: Scroll            |     2 |     1 ||     3
 Stab: Sleeping          |     1 |       ||     1
Armor: Animal skin       |     5 |       ||     5
       Chain mail        |    20 |     3 ||    23
Dodge: Dodged            |    34 |     4 ||    38

Table legend: (Time is in decaauts)
 A = Elapsed time spent in this place.
 B = Non-inter-level travel time spent in this place.
 C = Inter-level travel time spent in this place.
 D = Time resting spent in this place.
 E = Time spent auto-exploring this place.
 F = Levels seen in this place.
 G = Mean time per level.
                   A        B        C        D        E       F      G
               +--------+--------+--------+--------+--------+-----+--------+
         Total |   1779 |   1749 |     30 |      0 |   1497 |   3 |  593.0 |
       Dungeon |   1779 |   1749 |     30 |      0 |   1497 |   3 |  593.0 |
               +--------+--------+--------+--------+--------+-----+--------+

Top non-repeatable levels by time:
     D:2: 925 daAuts
     D:1: 816 daAuts
     D:3: 37 daAuts
